 Dungeon Crawl Stone Soup version 0.19-a0-1111-gcceb26a (webtiles) character file.

40 HAL9000 the Insei (level 3, 0/42 HPs)
             Began as a Draconian Transmuter on Aug 10, 2016.
             Slain by an orc
             ... wielding a +0 short sword
              (1 damage)
             ... on level 4 of the Dungeon.
             The game lasted 00:02:39 (866 turns).

HAL9000 the Insei (Draconian Transmuter)             Turns: 866, Time: 00:02:39

Health: 0/42       AC: 21    Str: 12    XL:     3   Next: 30%
Magic:  2/6        EV:  2    Int: 13    God:
Gold:   63         SH:  0    Dex: 17    Spells: 2 memorised, 3 levels left

rFire  . . .     SeeInvis .       - Unarmed
rCold  . . .     Gourm    .     (armour unavailable)
rNeg   + + +     Faith    .     (no shield)
rPois  +         Spirit   .     (helmet currently unavailable)
rElec  .         Dismiss  .     (cloak currently unavailable)
rCorr  .         Reflect  .     (gloves currently unavailable)
SustAt .         Harm     .     (boots currently unavailable)
MR     .....     NoTele   +     (no amulet)
Stlth  +++.......               (no ring)
                                (no ring)

@: agile, tree-form
A: unfitting armour, (cold-blooded), AC +5
a: no special abilities


You were on level 4 of the Dungeon.
You were hungry.
You were a tree.
You visited 1 branch of the dungeon, and saw 3 of its levels.

You collected 63 gold pieces.

Inventory:

Missiles
 a - 8 arrows
Scrolls
 e - 2 scrolls of identify {unknown}
 f - a scroll of enchant armour {unknown}
 i - 2 scrolls of enchant weapon {unknown}
 k - 2 scrolls of remove curse {unknown}
Potions
 l - a potion of lignification
Books
 b - a book of Changes

   Spells                             Type                      Level
   a - Beastly Appendage              Transmutation                1
   b - Sticks to Snakes               Transmutation                2
   c - Spider Form                    Transmutation/Poison         3
   d - Ice Form                       Ice/Transmutation            4
   e - Blade Hands                    Transmutation                5
Comestibles
 c - a bread ration
 g - 2 fruits
 j - a slice of pizza


   Skills:
 - Level 1.1 Fighting
 - Level 1.7 Dodging
 + Level 3.6 Unarmed Combat
 - Level 2.0 Spellcasting
 + Level 3.1 Transmutations


You had 3 spell levels left.
You knew the following spells:

 Your Spells              Type           Power        Failure   Level  Hunger
a - Beastly Appendage     Tmut           #.....       10%         1    ##.....
b - Sticks to Snakes      Tmut           #.......     12%         2    ###....


Dungeon Overview and Level Annotations

Branches:
Dungeon (2/15)

Altars:


Innate Abilities, Weirdness & Mutations

((Your plain brown scales are hard. (AC +5)))
Your body does not fit into most forms of armour.
((You are cold-blooded and may be slowed by cold attacks.))


Message History

You swing at nothing.
The orc hits you but does no damage. The giant gecko skeleton bites you.
* * * LOW HITPOINT WARNING * * *
You hear some strange, mumbled words.
A magic dart appears from out of thin air!
The magic dart hits you!
Unknown command.
It was a potion of flight.
Your roots keep you in place.
You feel less confused. The giant gecko skeleton bites you.
* * * LOW HITPOINT WARNING * * *
The orc hits you but does no damage. Something hits you but does no damage.
Unknown command.
It was a potion of agility.
You feel agile all of a sudden.
The giant gecko skeleton bites you but does no damage.
The orc hits you but does no damage. Something hits you but does no damage.
Unknown command.
You closely miss something. The orc hits you with a short sword.
You die...

#..............
#####............<.
#...#####.......... #...#
#####....## #...########.....#
###############..........#..(..##
....†....Z.o..'.................>
###############{oZ.............#.
#.♣...........##.#
#.............##.#
####..........# .# #........(.#
#..........# ############


You could see an orc and a giant gecko skeleton.

Vanquished Creatures
  A dart slug (D:1)
  A giant gecko (D:1)
  An orc (D:4)
  A ball python (D:1)
  2 giant cockroaches (D:1)
  2 hobgoblins
  3 jackals (D:1)
  3 kobolds (D:1)
  A quokka (D:4)
  A bat (D:2)
  A giant newt (D:1)
  5 rats (D:1)
22 creatures vanquished.

Vanquished Creatures (collateral kills)
  A worker ant (D:4)
1 creature vanquished.

Grand Total: 23 creatures vanquished

Notes
Turn   | Place    | Note
-------+----------+-------------------------------------------
     0 | D:1      | HAL9000 the Draconian Transmuter began the quest for the Orb.
     0 | D:1      | Reached XP level 1. HP: 16/16 MP: 3/3
   245 | D:1      | Reached XP level 2. HP: 18/23 MP: 3/5
   332 | D:1      | Learned a level 2 spell: Sticks to Snakes
   762 | D:2      | You fall through a shaft for 2 floors!
   770 | D:4      | Reached XP level 3. HP: 28/28 MP: 1/6
   863 | D:4      | HP: 2/42 [giant gecko skeleton (3)]
   866 | D:4      | Slain by an orc

Vault maps used:
D:1:      wheals_arrival_linesprint
D:2:      lemuel_doored_altar, lemuel_crystal_altar,
          yredelemnul_forgotten_temple_becter, overflow_temple_1_default,
          first_bread, minmay_tromino_v7, uniq_natasha
D:4:      grunt_dithmenos_smoke_and_mirrors, cheibriados_altar_1,
          lemuel_blue_sif_altar

Skill      XL: |  1  2 |
---------------+-------+-----
Transmutations | 3 |  3.1
Fighting       | |  1.1
Dodging        | |  1.7
Unarmed Combat | |  3.6
Spellcasting   | |  2.0

Action                   || total
-------------------------++-------
Melee: Unarmed           ||    95
       Headbutt          ||     5
       Punch             ||     2
       Tailslap          ||     6
       Kick              ||     5
 Cast: Beastly Appendage ||     9
       Sticks to Snakes  ||     4
  Use: Potion            ||     3
 Stab: Distracted        ||     1
Armor: Skin              ||    27
Dodge: Dodged            ||    49
